| TOP OF THE 1ST |
|
Milwaukee Brewers batting - Pitching for Seattle Mariners : RHP Steve Busby
|
|
Pitching: RHP Steve Busby
|
|
|
Batting: RHB Steve Sax
|
0-0: SINGLE (Line Drive, 34D, EV 104.4 MPH)
|
|
Batting: LHB Von Hayes
|
0-0: Ball 1-0: Ball 2-0: Foul Ball, location: 2F 2-1: Fielders Choice at 2nd, 6-4 (Groundball, 6, EV 89.4 MPH)
|
|
Batting: RHB Eric Davis
|
0-0: Swinging Strike 0-1: Ball 1-1: Grounds into double play, 5-4-3 (Groundball, 5S, EV 84.4 MPH)
|
| Top of the 1st over - 0 runs, 1 hit, 0 errors, 0 left on base; Milwaukee 0 - Seattle 0 |
| BOTTOM OF THE 1ST |
|
Seattle Mariners batting - Pitching for Milwaukee Brewers : LHP Tom Underwood
|
|
Pitching: LHP Tom Underwood
|
|
|
Batting: LHB Jose Perales
|
0-0: Foul Ball, location: 2F 0-1: Swinging Strike 0-2: Ball 1-2: Ball 2-2: Foul Ball, location: 2F 2-2: Ball 3-2: Fly out, F8 (Flyball, 78M, EV 95.0 MPH)
|
|
Batting: LHB Mike Stenhouse
|
0-0: Ball 1-0: SINGLE (Groundball, 34D, EV 109.4 MPH)
|
|
Batting: RHB Robin Yount
|
0-0: Ball 1-0: Reached on error, E8 (Line Drive, 8RM, EV 107.5 MPH) Mike Stenhouse to second
|
|
Batting: LHB Don Mattingly
|
0-0: Ball 1-0: Swinging Strike 1-1: Foul Ball, location: 2F 1-2: Ball 2-2: Foul Ball, location: 2F 2-2: Grounds into double play, 5-4-3 (Groundball, 56, EV 108.8 MPH)
|
| Bottom of the 1st over - 0 runs, 1 hit, 1 error, 1 left on base; Milwaukee 0 - Seattle 0 |
| TOP OF THE 2ND |
|
Milwaukee Brewers batting - Pitching for Seattle Mariners : RHP Steve Busby
|
|
Batting: SHB Eddie Murray
|
0-0: Ball 1-0: Swinging Strike 1-1: Called Strike 1-2: Ball 2-2: Strikes out looking
|
|
Batting: LHB Denny Walling
|
0-0: Ball 1-0: Called Strike 1-1: Swinging Strike 1-2: Ball 2-2: Ball 3-2: Strikes out looking
|
|
Batting: RHB Mike Schmidt
|
0-0: Called Strike 0-1: Ball 1-1: Reached on error, E5 (Groundball, 56S, EV 87.5 MPH)
|
|
Batting: RHB Ken Landreaux
|
0-0: Ball Mike Schmidt steals 2nd base 1-0: Ball 2-0: Called Strike 2-1: Swinging Strike 2-2: Strikes out swinging
|
| Top of the 2nd over - 0 runs, 0 hits, 1 error, 1 left on base; Milwaukee 0 - Seattle 0 |
| BOTTOM OF THE 2ND |
|
Seattle Mariners batting - Pitching for Milwaukee Brewers : LHP Tom Underwood
|
|
Batting: LHB Chris Wynn
|
0-0: Ball 1-0: Ball 2-0: Ground out U3 (Groundball, 34, EV 87.5 MPH)
|
|
Batting: RHB John Rabb
|
0-0: Foul Ball, location: 2F 0-1: Foul Ball, location: 2F 0-2: Fly out, F8 (Flyball, 89XD, EV 105.0 MPH)
|
|
Batting: RHB Ramon Estepa
|
0-0: Ball 1-0: Reached via error on a dropped throw from 1B, E1 (Groundball, 34S, EV 82.5 MPH)
|
|
Batting: RHB Kurt Cunningham
|
0-0: Called Strike 0-1: Ball 1-1: Swinging Strike 1-2: Fielders Choice at 2nd, 4-6 (Groundball, 4MD, EV 84.4 MPH)
|
| Bottom of the 2nd over - 0 runs, 0 hits, 1 error, 1 left on base; Milwaukee 0 - Seattle 0 |
| TOP OF THE 3RD |
|
Milwaukee Brewers batting - Pitching for Seattle Mariners : RHP Steve Busby
|
|
Batting: RHB Tim Laudner
|
0-0: Called Strike 0-1: Called Strike 0-2: Ball 1-2: Strikes out swinging
|
|
Batting: SHB Alfredo Griffin
|
0-0: SINGLE (Groundball, 56S, EV 68.1 MPH) (infield hit)
|
|
Batting: RHB Steve Sax
|
0-0: Ball 1-0: Ball 2-0: Called Strike 2-1: SINGLE (Groundball, 6S, EV 66.3 MPH) (infield hit) Alfredo Griffin to second
|
|
Batting: LHB Von Hayes
|
0-0: Ball Alfredo Griffin steals 3rd base 1-0: Ball 2-0: Called Strike 2-1: SINGLE (Flyball, 5D, EV 90.6 MPH) Alfredo Griffin scores Steve Sax to second
|
|
Batting: RHB Eric Davis
|
0-0: Called Strike 0-1: Called Strike 0-2: Ball 1-2: Ball 2-2: Fly out, F4 (Popup, 34, EV 58.1 MPH)
|
|
Batting: SHB Eddie Murray
|
0-0: Ball 1-0: Called Strike 1-1: Fly out, F6 (Popup, 6MD, EV 61.3 MPH)
|
| Top of the 3rd over - 1 run, 3 hits, 0 errors, 2 left on base; Milwaukee 1 - Seattle 0 |
| BOTTOM OF THE 3RD |
|
Seattle Mariners batting - Pitching for Milwaukee Brewers : LHP Tom Underwood
|
|
Batting: LHB Ivan Flores
|
0-0: Called Strike 0-1: Ground out 4-3 (Groundball, 4D, EV 83.1 MPH)
|
|
Batting: LHB Jose Perales
|
0-0: Foul Ball, location: 2F 0-1: Foul Ball, location: 2F 0-2: Ball 1-2: Fly out, F8 (Line Drive, 8RD, EV 102.5 MPH)
|
|
Batting: LHB Mike Stenhouse
|
0-0: Fly out, F7 (Flyball, 7LS, EV 81.9 MPH)
|
| Bottom of the 3rd over - 0 runs, 0 hits, 0 errors, 0 left on base; Milwaukee 1 - Seattle 0 |
| TOP OF THE 4TH |
|
Milwaukee Brewers batting - Pitching for Seattle Mariners : RHP Steve Busby
|
|
Batting: LHB Denny Walling
|
0-0: Called Strike 0-1: Fly out, F3 (Popup, 34, EV 76.3 MPH)
|
|
Batting: RHB Mike Schmidt
|
0-0: Called Strike 0-1: Foul Ball, location: 2F 0-2: Ball 1-2: Ball 2-2: Ball 3-2: Foul Ball, location: 2F 3-2: Foul Ball, location: 2F 3-2: TRIPLE (Flyball, 89XD, EV 100.6 MPH)
|
|
Batting: RHB Ken Landreaux
|
0-0: Ball 1-0: Fly out, F8 (Flyball, 8LD, EV 92.5 MPH) Runner from 3rd tags up, SCORES, throw by CF
|
|
Batting: RHB Tim Laudner
|
0-0: Ball 1-0: Called Strike 1-1: Fly out, F9 (Flyball, 9S, EV 89.4 MPH)
|
| Top of the 4th over - 1 run, 1 hit, 0 errors, 0 left on base; Milwaukee 2 - Seattle 0 |
| BOTTOM OF THE 4TH |
|
Seattle Mariners batting - Pitching for Milwaukee Brewers : LHP Tom Underwood
|
|
Batting: RHB Robin Yount
|
0-0: Called Strike 0-1: Foul Ball, location: 2F 0-2: Ball 1-2: Foul Ball, location: 2F 1-2: Ball 2-2: Ball 3-2: SOLO HOME RUN (Line Drive, 9D, EV 103.8 MPH), Distance : 400 ft
|
|
Batting: LHB Don Mattingly
|
0-0: Fly out, F7 (Line Drive, 7, EV 92.5 MPH)
|
|
Batting: LHB Chris Wynn
|
0-0: Ball 1-0: Called Strike 1-1: Swinging Strike 1-2: Strikes out looking
|
|
Batting: RHB John Rabb
|
0-0: Foul Ball, location: 2F 0-1: Ground out 5-3 (Groundball, 5S, EV 86.9 MPH)
|
| Bottom of the 4th over - 1 run, 1 hit, 0 errors, 0 left on base; Milwaukee 2 - Seattle 1 |
| TOP OF THE 5TH |
|
Milwaukee Brewers batting - Pitching for Seattle Mariners : RHP Steve Busby
|
|
Batting: SHB Alfredo Griffin
|
0-0: Foul Ball, location: 2F 0-1: Ball 1-1: Called Strike 1-2: Strikes out swinging
|
|
Batting: RHB Steve Sax
|
0-0: Ball 1-0: Ball 2-0: Fly out, F6 (Line Drive, 6, EV 65.6 MPH)
|
|
Batting: LHB Von Hayes
|
0-0: SINGLE (Line Drive, 7S, EV 91.3 MPH)
|
|
Batting: RHB Eric Davis
|
0-0: Called Strike Von Hayes steals 2nd base 0-1: Fly out, F9 (Flyball, 89D, EV 102.5 MPH)
|
| Top of the 5th over - 0 runs, 1 hit, 0 errors, 1 left on base; Milwaukee 2 - Seattle 1 |
| BOTTOM OF THE 5TH |
|
Seattle Mariners batting - Pitching for Milwaukee Brewers : LHP Tom Underwood
|
|
Batting: RHB Ramon Estepa
|
0-0: Foul Ball, location: 2F 0-1: Ball 1-1: Ball 2-1: Foul Ball, location: 2F 2-2: Foul Ball, location: 2F 2-2: DOUBLE (Line Drive, 89D, EV 106.9 MPH)
|
|
Batting: RHB Kurt Cunningham
|
0-0: Ground out 4-3 (Groundball, 4, EV 86.9 MPH) Ramon Estepa to third
|
|
Batting: LHB Ivan Flores
|
0-0: Called Strike 0-1: Ball 1-1: Ball 2-1: Fly out, F8 (Flyball, 78M, EV 96.9 MPH) Runner from 3rd tags up, SCORES, throw by CF
|
|
Batting: LHB Jose Perales
|
0-0: Foul Ball, location: 2F 0-1: Ball 1-1: Ball 2-1: Foul Ball, location: 2F 2-2: Foul Ball, location: 2F 2-2: SINGLE (Groundball, 56D, EV 110.0 MPH)
|
|
Batting: LHB Mike Stenhouse
|
0-0: Ball 1-0: Foul Ball, location: 2F 1-1: Foul Ball, location: 2F 1-2: Ball 2-2: Ball 3-2: SINGLE (Line Drive, 7S, EV 97.5 MPH) Jose Perales to second Jose Perales to third
|
|
Batting: RHB Robin Yount
|
0-0: Ball 1-0: Foul Ball, location: 2F 1-1: SINGLE (Line Drive, 4D, EV 93.8 MPH) Jose Perales scores Mike Stenhouse to second Runner from 2nd tries for 3rd, SAFE, throw by CF made to third
|
|
Batting: LHB Don Mattingly
|
0-0: Ball 1-0: Ball 2-0: Ball 3-0: Base on Balls Robin Yount to second
|
|
Batting: LHB Chris Wynn
|
0-0: Ball 1-0: Ball 2-0: Swinging Strike 2-1: Swinging Strike 2-2: Ball 3-2: Foul Ball, location: 2F 3-2: Foul Ball, location: 2F 3-2: Strikes out swinging
|
| Bottom of the 5th over - 2 runs, 4 hits, 0 errors, 3 left on base; Milwaukee 2 - Seattle 3 |
| TOP OF THE 6TH |
|
Milwaukee Brewers batting - Pitching for Seattle Mariners : RHP Steve Busby
|
|
Batting: SHB Eddie Murray
|
0-0: Called Strike 0-1: Ball 1-1: Called Strike 1-2: Foul Ball, location: 2F 1-2: DOUBLE (Groundball, 3L, EV 100.6 MPH)
|
|
Batting: LHB Denny Walling
|
0-0: Swinging Strike 0-1: Swinging Strike 0-2: Foul Ball, location: 2F 0-2: Ball 1-2: Ground out U3 (Groundball, 3, EV 88.1 MPH) Eddie Murray to third
|
|
Batting: RHB Mike Schmidt
|
0-0: Ball 1-0: Foul Ball, location: 2F 1-1: SINGLE (Flyball, 6D, EV 90.6 MPH) Eddie Murray scores
|
|
Batting: RHB Ken Landreaux
|
0-0: Fly out, F7 (Line Drive, 7, EV 98.1 MPH)
|
|
Batting: RHB Tim Laudner
|
0-0: Called Strike 0-1: Fly out, F3 (Popup, 3S, EV 79.4 MPH)
|
| Top of the 6th over - 1 run, 2 hits, 0 errors, 1 left on base; Milwaukee 3 - Seattle 3 |
| BOTTOM OF THE 6TH |
|
Seattle Mariners batting - Pitching for Milwaukee Brewers : LHP Tom Underwood
|
|
Batting: RHB John Rabb
|
0-0: Ball 1-0: Foul Ball, location: 2F 1-1: Ball 2-1: DOUBLE (Line Drive, 78D, EV 105.6 MPH)
|
|
Batting: RHB Ramon Estepa
|
0-0: Ball 1-0: Foul Ball, location: 2F 1-1: Ball 2-1: Foul Ball, location: 2F 2-2: SINGLE (Groundball, 6MD, EV 101.3 MPH) John Rabb to third Runner from 3rd tries for Home, SAFE, throw by CF to home Ramon Estepa to second
|
|
Batting: RHB Kurt Cunningham
|
0-0: Intentional Walk
|
|
Batting: LHB Ivan Flores
|
0-0: Sac Bunt to 5S - play at first, batter OUT! 5-4 Ramon Estepa to third Kurt Cunningham to second
|
|
Batting: LHB Jose Perales
|
0-0: Ball 1-0: Ball 2-0: Called Strike 2-1: Ball 3-1: Base on Balls
|
|
Batting: LHB Mike Stenhouse
|
0-0: Called Strike 0-1: Ball 1-1: Ball 2-1: Swinging Strike 2-2: Strikes out swinging
|
|
Batting: RHB Robin Yount
|
0-0: Called Strike 0-1: Ball 1-1: Ball 2-1: Fly out, F8 (Flyball, 8RS, EV 81.9 MPH)
|
| Bottom of the 6th over - 1 run, 2 hits, 0 errors, 3 left on base; Milwaukee 3 - Seattle 4 |
| TOP OF THE 7TH |
|
Milwaukee Brewers batting - Pitching for Seattle Mariners : RHP Steve Busby
|
|
Batting: SHB Alfredo Griffin
|
0-0: Swinging Strike 0-1: Ground out 4-3 (Groundball, 4, EV 83.1 MPH)
|
|
Batting: RHB Steve Sax
|
0-0: Ground out 4-3 (Groundball, 4M, EV 83.1 MPH)
|
|
Batting: LHB Von Hayes
|
0-0: Ground out 6-3 (Groundball, 56, EV 103.1 MPH)
|
| Top of the 7th over - 0 runs, 0 hits, 0 errors, 0 left on base; Milwaukee 3 - Seattle 4 |
| BOTTOM OF THE 7TH |
|
Seattle Mariners batting - Pitching for Milwaukee Brewers : LHP Tom Underwood
|
|
Batting: LHB Don Mattingly
|
0-0: Fly out, F7 (Flyball, 7D, EV 103.1 MPH)
|
|
Batting: LHB Chris Wynn
|
0-0: Ball 1-0: Ground out 6-3 (Groundball, 6D, EV 103.8 MPH)
|
|
Batting: RHB John Rabb
|
0-0: Ball 1-0: Ball 2-0: Ball 3-0: Called Strike 3-1: Base on Balls
|
|
Pitching: LHP Jordan Ortiz
|
|
|
Batting: RHB Ramon Estepa
|
0-0: Ball 1-0: Fielders Choice at 2nd, 6-4 (Groundball, 6, EV 97.5 MPH)
|
| Bottom of the 7th over - 0 runs, 0 hits, 0 errors, 1 left on base; Milwaukee 3 - Seattle 4 |
| TOP OF THE 8TH |
|
Milwaukee Brewers batting - Pitching for Seattle Mariners : RHP Steve Busby
|
|
Now in LF: Miguel Dilone
|
|
|
Batting: RHB Eric Davis
|
0-0: Ball 1-0: Called Strike 1-1: Swinging Strike 1-2: Ball 2-2: Ball 3-2: Base on Balls
|
|
Pitching: RHP Nick Bowditch
|
|
|
Batting: SHB Eddie Murray
|
0-0: Ball 1-0: Ball 2-0: Fly out, F8 (Flyball, 8LS, EV 82.5 MPH)
|
|
Batting: LHB Denny Walling
|
0-0: Called Strike 0-1: Foul Ball, location: 2F 0-2: Ball 1-2: Ball 2-2: Strikes out swinging Eric Davis steals 2nd base Batter strikes out.
|
|
Batting: RHB Mike Schmidt
|
0-0: Called Strike 0-1: Ball 1-1: Foul Ball, location: 2F 1-2: Ball 2-2: Foul Ball, location: 2F 2-2: Ball 3-2: Foul Ball, location: 2F 3-2: Foul Ball, location: 2F 3-2: Base on Balls
|
|
Batting: RHB Ken Landreaux
|
0-0: Called Strike 0-1: Ball 1-1: Ball 2-1: Fly out, F7 (Line Drive, 7, EV 93.1 MPH)
|
| Top of the 8th over - 0 runs, 0 hits, 0 errors, 2 left on base; Milwaukee 3 - Seattle 4 |
| BOTTOM OF THE 8TH |
|
Seattle Mariners batting - Pitching for Milwaukee Brewers : LHP Jordan Ortiz
|
|
Batting: RHB Kurt Cunningham
|
0-0: Ball 1-0: Ball 2-0: Ball 3-0: Called Strike 3-1: Base on Balls
|
|
Batting: LHB Ivan Flores
|
0-0: Sac Bunt to 23 - play at first, batter OUT! 3-4 Kurt Cunningham to second
|
|
Batting: LHB Jose Perales
|
0-0: Ball 1-0: Ball 2-0: Foul Ball, location: 2F 2-1: Ball 3-1: Swinging Strike 3-2: SINGLE (Groundball, P, EV 89.4 MPH) (infield hit) Kurt Cunningham to third
|
|
Batting: SHB Miguel Dilone
|
0-0: Ball 1-0: SINGLE (Line Drive, 4MD, EV 105.6 MPH) Kurt Cunningham scores Jose Perales to second
|
|
Batting: RHB Robin Yount
|
0-0: Ball 1-0: Fly out, F4 (Popup, 4, EV 76.9 MPH)
|
|
Batting: LHB Don Mattingly
|
0-0: Ground out 4-3 (Groundball, 4, EV 96.9 MPH)
|
| Bottom of the 8th over - 1 run, 2 hits, 0 errors, 2 left on base; Milwaukee 3 - Seattle 5 |
| TOP OF THE 9TH |
|
Milwaukee Brewers batting - Pitching for Seattle Mariners : RHP Nick Bowditch
|
|
Batting: RHB Tim Laudner
|
0-0: Called Strike 0-1: Ball 1-1: Foul Ball, location: 2F 1-2: Ground out 3-1 (Groundball, 34S, EV 82.5 MPH)
|
|
Batting: SHB Alfredo Griffin
|
0-0: Ball 1-0: Ball 2-0: Ball 3-0: Called Strike 3-1: Called Strike 3-2: Fly out, F9 (Flyball, 9S, EV 92.5 MPH)
|
|
Batting: RHB Steve Sax
|
0-0: Called Strike 0-1: Ground out 5-3 (Groundball, 56, EV 108.8 MPH)
|
| Top of the 9th over - 0 runs, 0 hits, 0 errors, 0 left on base; Milwaukee 3 - Seattle 5 |
|